 Dungeon Crawl Stone Soup version 0.28-a0-779-g3d1f99b579 (webtiles) character file.

Game seed: 13469612908795415865

30 ytrimaz the Skirmisher (level 3, -1/29 HPs)
             Began as a Demonspawn Fighter on Nov 2, 2021.
             Succumbed to Jessica's poison
             ... on level 2 of the Dungeon.
             The game lasted 00:01:30 (1407 turns).

ytrimaz the Skirmisher (Demonspawn Fighter)         Turns: 1407, Time: 00:01:30

Health: -1/29      AC:  6    Str: 17    XL:     3   Next: 5%
Magic:  3/3        EV:  9    Int:  9    God:
Gold:   60         SH:  4    Dex: 12    Spells: 2/2 levels left

rFire   + . .      SeeInvis .     - Unarmed
rCold   + . .      Faith    .   b - +0 buckler
rNeg    . . .      Spirit   .   a - +0 scale mail
rPois   +          Reflect  .   (helmet restricted)
rElec   +          Harm     .   (no cloak)
rCorr   +          Rampage  .   (no gloves)
Will    .....                   (no boots)
Stlth   ..........              (no amulet)
HPRegen 0.09/turn               (no ring)
MPRegen 0.08/turn               (no ring)

@: lethally poisoned (-1 -> -25), resistant, slowed, very slow
A: horns 1
a: no special abilities


You were on level 2 of the Dungeon.
You visited 1 branch of the dungeon, and saw 2 of its levels.

You collected 60 gold pieces.

Inventory:

Armour
 a - a +0 scale mail (worn)
 b - a +0 buckler (worn)
Potions
 c - 2 potions of might
 f - a potion of degeneration {unknown}


   Skills:
 * Level 3.3 Fighting
 * Level 3.1 Armour
 * Level 3.1 Shields
 - Level 1.8 Unarmed Combat


You had 2 spell levels left.
You didn't know any spells.
Your spell library contained the following spells:

 Spells                   Type           Power      Damage    Failure   Level
 Dispersal                Tloc           0%         N/A       100%        6
 Disjunction              Tloc           0%         N/A       100%        8


Dungeon Overview and Level Annotations

Branches:
Dungeon (2/15)

Altars:

Annotations:
D:2 Jessica


Innate Abilities, Weirdness & Mutations

You have a pair of small horns on your head.


Message History

You see here a dart slug corpse.
Found a hunting sling.
Found a stone staircase leading up.
No target in view!
No target in view!
You see here a +0 hunting sling.
There is a stone staircase leading up here.
Jessica the Apprentice Sorceress comes into view.
She is wielding a +2 dagger of venom.
Jessica shouts!
Jessica is nearby!
No target in view!
No target in view!
No target in view!
No target in view!
A kobold comes into view. It is wielding a +0 dagger.
Jessica gestures at you while chanting.
You feel yourself slow down.
There are monsters nearby!
The kobold shouts!
You hit Jessica but do no damage. Your headbutt misses Jessica.
Jessica hits you with a +2 dagger of venom.
You barely miss Jessica.
Jessica hits you with a +2 dagger of venom.
You are poisoned.
You block Jessica's attack.
You barely miss Jessica. You headbutt Jessica.
Jessica is heavily wounded.
You feel very sick.
Jessica points at you and mumbles some strange words.
You resist with some effort.
You hit Jessica.
Jessica is severely wounded.
You feel very sick. Jessica barely misses you.
Jessica hits you with a +2 dagger of venom.
* * * LOW HITPOINT WARNING * * *
You are more poisoned.
It was a potion of resistance.
You feel protected.
You die...

. .## ..#. ### #
#... ..# #.#
#..# #.##...#
#..# #.@K.#
#..###@#
#......#
#.#.##........
###...###.......
##....## #......
###..#..##
......
#...##...##
......
#..###.#..#
......
##.###.##<#
..#####


You could see Jessica and a kobold.

Vanquished Creatures
  A worm (D:2)
  A dart slug (D:2)
  6 ball pythons
  An endoplasm (D:1)
  3 giant cockroaches
  3 goblins (D:1)
  A hobgoblin (D:2)
  3 quokkas (D:1)
  A bat (D:1)
  A frilled lizard (D:1)
  A kobold (D:1)
22 creatures vanquished.

Notes
Turn   | Place    | Note
-------+----------+-------------------------------------------
     0 | D:1      | ytrimaz the Demonspawn Fighter began the quest for the Orb.
     0 | D:1      | Reached XP level 1. HP: 18/18 MP: 1/1
    75 | D:1      | Found a faded altar of an unknown god.
   295 | D:1      | Gained mutation: You have a pair of small horns on your
                  | head. [demonic ancestry]
   295 | D:1      | Reached XP level 2. HP: 19/24 MP: 2/2
  1266 | D:2      | Reached XP level 3. HP: 20/29 MP: 3/3
  1399 | D:2      | Noticed Jessica
  1407 | D:2      | Succumbed to Jessica's poison

Illustrated notes

Levels and vault maps discovered:
D:1:      nicolae_arrival_somewhat_less_tricky_arrival, layout_loops_ring,
          basic_ecumenical_altar
D:2:      layout_rooms, minmay_misc_feat_encased, minivault_4,
          minmay_tetromino_t2, uniq_jessica

Skill      XL: |  1  2 |
---------------+-------+-----
Armour         | 3 |  3.1
Shields        | 3 |  3.1
Fighting       | |  3.3
Unarmed Combat | |  1.8

Action                   || total
-------------------------++-------
Melee: Unarmed           ||   105
       Headbutt          ||    14
  Use: Scroll            ||     1
       Potion            ||     1
Armor: Scale mail        ||    45
Dodge: Dodged            ||    47
Block: Buckler           ||    24

Table legend: (Time is in decaauts)
 A = Elapsed time spent in this place.
 B = Non-inter-level travel time spent in this place.
 C = Inter-level travel time spent in this place.
 D = Time resting spent in this place.
 E = Time spent auto-exploring this place.
 F = Levels seen in this place.
 G = Mean time per level.
                   A        B        C        D        E       F      G
               +--------+--------+--------+--------+--------+-----+--------+
         Total |   1408 |   1382 |     26 |      0 |   1180 |   2 |  704.0 |
       Dungeon |   1408 |   1382 |     26 |      0 |   1180 |   2 |  704.0 |
               +--------+--------+--------+--------+--------+-----+--------+

Top non-repeatable levels by time:
     D:1: 1063 daAuts
     D:2: 344 daAuts
